 Dungeon Crawl Stone Soup version 0.31-a0-544-gceb718ecc6 (webtiles) character file.

Game seed: 9113388263215460338

2 tilp the Vexing (level 1, -5/13 HPs)
             Began as a Vampire Enchanter on Aug 15, 2023.
             Slain by a gnoll
             ... wielding a +0 club
              (8 damage)
             ... on level 1 of the Dungeon.
             The game lasted 00:00:26 (61 turns).

tilp the Vexing (Vampire Enchanter)                   Turns: 61, Time: 00:00:26

Health: -5/13      AC:  2    Str:  7    XL:     1   Next: 33%
Magic:  3/3        EV: 12    Int: 17    God:
Gold:   0          SH:  0    Dex: 14    Spells: 4/4 levels left

rFire   . . .        a - +1 dagger
rCold   . . .        (no shield)
rNeg    . . .        b - +0 robe
rPois   .            (no helmet)
rElec   .            (no cloak)
rCorr   .            (no gloves)
SInv    +            (no boots)
Will    .....        (no amulet)
Stlth   +++          (no ring)
HPRegen 0.42/turn    (no ring)
MPRegen 0.08/turn

%: no passive effects
@: healing quickly, invisible
A: alive, fangs 3, see invisible, vampiric 1
a: Exsanguinate


You were on level 1 of the Dungeon.
You visited 1 branch of the dungeon, and saw 1 of its levels.

Inventory:

Hand Weapons
 a - a +1 dagger (weapon)
Armour
 b - a +0 robe (worn)
Potions
 c - a potion of invisibility


   Skills:
 * Level 0.1 Fighting
 * Level 1.2 Short Blades
 + Level 2.2 Dodging
 + Level 4.4 Stealth
 + Level 2.0 Spellcasting
 + Level 4.4 Hexes


You had 4 spell levels left.
You didn't know any spells.
Your spell library contained the following spells:

 Spells                   Type           Power      Damage    Failure   Level
 Confusing Touch          Hex            16%        N/A       10%         3
 Tukima's Dance           Hex            16%        N/A       10%         3
 Ensorcelled Hibernation  Hex/Ice        18%        N/A       12%         2
 Dazzling Flash           Conj/Hex       18%        N/A       24%         3


Dungeon Overview and Level Annotations

Branches:
Dungeon (1/15)

Altars:

Annotations:
D:1 2 runed translucent doors


Innate Abilities, Weirdness & Mutations

Your natural rate of healing is accelerated.
You have razor-sharp teeth.
You have supernaturally acute eyesight. (SInv)
You are afflicted with vampirism.


Message History

Found 12 gold pieces.
Found a hand axe.
The bat hits you.
You closely miss the bat. Your bite misses the bat. The bat closely misses you.
The frilled lizard hisses angrily.
The gnoll shouts!
The bat closely misses you. The bat barely misses you.
The frilled lizard closely misses you.
You miss the frilled lizard.
The orc warrior shouts!
You hear a shout! x2
The bat completely misses you. The frilled lizard bites you.
You barely miss the frilled lizard. The bat hits you but does no damage.
The frilled lizard barely misses you.
Unknown command.
The bat attacks as you move away! The bat hits you.
The bat completely misses you. The gnoll attacks as you move away!
The gnoll hits you with a +0 club. The bat hits you but does no damage.
The bat misses you. The bat attacks as you move away! The bat hits you.
The bat misses you.
The frilled lizard hisses.
The bat hits you. The bat hits you but does no damage.
The bat attacks as you move away! The bat hits you.
The bat hits you but does no damage. The bat completely misses you.
The bat hits you but does no damage.
You closely miss the bat. The bat closely misses you.
You hit the gnoll.
The gnoll is lightly wounded.
The gnoll hits you with a +0 club.
* * * LOW HITPOINT WARNING * * *
Unknown command.
You fade into invisibility!
The gnoll hits you with a +0 club.
* * * LOW HITPOINT WARNING * * *
You hit the gnoll.
The gnoll is moderately wounded.
The gnoll misses you.
You hit the gnoll.
The gnoll is heavily wounded.
The gnoll hits you with a +0 club!
Ouch! That really hurt!
You die...

..♣♣....♣♣....♣ #
###.......♣J.....
o#$#.8.....♣...♣...♣. ♣♣
.+........♣♣.♣♣..♣... ♣ .
.+..............♣♣..♣ ♣♣ .. ♣
#)#.8......♣♣......♣♣.♣ ..♣♣♣
###.....♣b.♣...♣..♣.♣.♣ ♣..
#....♣.lg♣♣..♣.).♣..♣ ♣.♣.
#....♣♣..♣@.....♣..♣.♣.. ♣♣
......♣.......♣♣..♣..♣♣.♣♣♣♣.
......♣...♣...♣..♣..♣.♣..♣..♣
......♣....♣....♣.†.♣♣.♣♣..♣♣.
..............♣...♣..♣♣...♣..♣
######♣♣♣♣♣♣♣♣♣♣♣♣♣♣♣♣♣♣♣♣♣♣♣


You could see a gnoll (unable to see you), a bat and a frilled lizard (unable to
see you).

Vanquished Creatures
  A ball python (D:1)
  A kobold (D:1)
  A rat (D:1)
3 creatures vanquished.

Notes
Turn   | Place    | Note
-------+----------+-------------------------------------------
     0 | D:1      | tilp the Vampire Enchanter began the quest for the Orb.
     0 | D:1      | Reached XP level 1. HP: 13/13 MP: 3/3
    45 | D:1      | Found a large runed translucent door.
    45 | D:1      | Found a large runed translucent door.
    48 | D:1      | Noticed an orc warrior
    61 | D:1      | Slain by a gnoll

Illustrated notes

Levels and vault maps discovered:
D:1:      erik_arrival_cave_to_civilisation [erik_arrival_cave_to_temple],
          layout_loops_corners, minmay_pentomino_w4

Action                     || total
---------------------------++-------
  Melee: Dagger            ||    14
         Bite              ||     1
    Use: Potion            ||     1
   Stab: Sleeping          ||     2
 Armour: Robe              ||     5
  Dodge: Dodged            ||    13

Table legend: (Time is in decaauts)
 A = Elapsed time spent in this place.
 B = Non-inter-level travel time spent in this place.
 C = Inter-level travel time spent in this place.
 D = Time resting spent in this place.
 E = Time spent auto-exploring this place.
 F = Levels seen in this place.
 G = Mean time per level.
                   A        B        C        D        E       F      G
               +--------+--------+--------+--------+--------+-----+--------+
         Total |     60 |     60 |      0 |      0 |     24 |   1 |   60.0 |
       Dungeon |     60 |     60 |      0 |      0 |     24 |   1 |   60.0 |
               +--------+--------+--------+--------+--------+-----+--------+

Top non-repeatable levels by time:
     D:1: 60 daAuts
